 Dungeon Crawl Stone Soup version 0.31-a0-1591-g515db51633 (webtiles) character file.

Game seed: 6196987268597060940

5023 SovietPaperclip the Blocker (level 10, -2/82 HPs)
             Began as a Formicid Fighter on Jan 6, 2024.
             Was a High Priest of Okawaru.
             Killed by vampiric draining
             ... invoked by a vampire
              (13 damage)
             ... on level 9 of the Dungeon.
             The game lasted 00:26:27 (10011 turns).

SovietPaperclip the Blocker (Formicid Fighter)     Turns: 10011, Time: 00:26:27

Health: -2/82      AC: 16    Str: 24    XL:     10   Next: 84%
Magic:  10/10      EV: 10    Int:  9    God:    Okawaru [*****.]
Gold:   485        SH: 16    Dex: 13    Spells: 9/9 levels left

rFire   . . .        F - +1 trident (venom)
rCold   . . .        f - +0 tower shield
rNeg    . . .        c - +0 plate armour
rPois   .            (helmet unavailable)
rElec   .            r - +0 cloak
rCorr   .            q - +0 pair of gloves
SInv    +            (no boots)
Will    +....        (no amulet)
Stlth   x              - ring of flight
HPRegen 0.33/turn    B - +5 ring of evasion
MPRegen 0.12/turn

%: no passive effects
@: flying
A: permanent stasis, dig shafts and tunnels, antennae 3, four strong arms
a: Dig, Shaft Self, Renounce Religion, Heroism, Finesse, Duel


You were on level 9 of the Dungeon.
You worshipped Okawaru.
Okawaru was extremely pleased with you.
You visited 2 branches of the dungeon, and saw 10 of its levels.

You collected 485 gold pieces.

Inventory:

Hand Weapons
 F - a +1 trident of venom (weapon)
Missiles
 D - 2 throwing nets
Armour
 c - a +0 plate armour (worn)
 f - a +0 tower shield (worn)
 q - a +0 pair of gloves (worn)
 r - a +0 cloak (worn)
Magical Staves
 h - a staff of earth
Jewellery
 x - a ring of flight (left hand)
 B - a +5 ring of evasion (right hand)
Wands
 s - a wand of charming (28)
 E - a wand of polymorph (5)
 I - a wand of flame (10)
 J - a wand of digging (1)
 K - a wand of light (8)
Scrolls
 b - 2 scrolls of immolation {unknown}
 g - 3 scrolls of fear
 j - 6 scrolls of teleportation
 k - 3 scrolls of enchant armour {unknown}
 l - a scroll of fog {unknown}
 m - a scroll of blinking {unknown}
 o - 5 scrolls of identify {unknown}
 t - a scroll of poison {unknown}
 v - 3 scrolls of amnesia {unknown}
 y - a scroll of brand weapon {unknown}
 G - a scroll of noise {unknown}
 H - 2 scrolls of vulnerability {unknown}
 L - a scroll of summoning {unknown}
Potions
 a - a potion of cancellation {unknown}
 d - 2 potions of might
 e - 3 potions of heal wounds {unknown}
 i - 2 potions of curing
 n - a potion of berserk rage {unknown}
 p - a potion of resistance {unknown}
 u - a potion of mutation {unknown}
 w - 2 potions of lignification {unknown}
 z - 3 potions of invisibility {unknown}
 A - 2 potions of attraction {unknown}
 C - 2 potions of degeneration {unknown}


   Skills:
 + Level 8.4 Fighting
 + Level 7.3 Polearms
 + Level 8.4 Armour
 + Level 7.6 Stealth
 + Level 10.0 Shields


You had 9 spell levels left.
You didn't know any spells.
Your spell library contained the following spells:

 Spells                   Type           Power      Damage    Failure   Level
 Kiss of Death            Conj/Necr      0%         2d5       100%        1
 Magic Dart               Conj           0%         1d3       100%        1
 Necrotise                Necr           0%         1d4       100%        1
 Ensorcelled Hibernation  Hex/Ice        0%         N/A       100%        2
 Scorch                   Fire           0%         2d5       100%        2
 Searing Ray              Conj           0%         2d4       100%        2
 Confusing Touch          Hex            0%         N/A       100%        3
 Fugue of the Fallen      Necr           0%         N/A       100%        3
 Vampiric Draining        Necr           0%         2d6       100%        3
 Volatile Blastmotes      Fire/Tloc      0%         2d10      100%        3
 Anguish                  Hex/Necr       0%         N/A       100%        4
 Dispel Undead            Necr           0%         3d6       100%        4
 Flame Wave               Conj/Fire      0%         2d4       100%        4
 Fulminant Prism          Conj/Alch      0%         3d5       100%        4
 Iskenderun's Mystic Bla  Conj/Tloc      0%         2d3       100%        4
 Curse of Agony           Necr           0%         N/A       100%        5
 Conjure Ball Lightning   Conj/Air       0%         3x3d6     100%        6
 Discord                  Hex            0%         N/A       100%        8
 Disjunction              Tloc           0%         N/A       100%        8
 Summon Small Mammal      Summ           Unusable   N/A       N/A         1
 Call Canine Familiar     Summ           Unusable   N/A       N/A         3
 Martyr's Knell           Necr/Summ      Unusable   N/A       N/A         4
 Summon Blazeheart Golem  Fire/Summ      Unusable   N/A       N/A         4
 Summon Cactus Giant      Summ           Unusable   N/A       N/A         6

Dungeon Overview and Level Annotations

Branches:
Dungeon (9/15)             Temple (1/1) D:4             Orc (0/2) D:9
   Lair: D:8-11

Altars:
Ashenzari
Cheibriados
Dithmenos
Elyvilon
Fedhas
Gozag
Hepliaklqana
Kikubaaqudgha
Makhleb
Nemelex Xobeh
Okawaru
Qazlal
Ru
Sif Muna
Trog
Uskayaw
Vehumet
Wu Jian
Xom
Yredelemnul
Zin
The Shining One

Shops:
D:2 ![*:   D:6 =


Innate Abilities, Weirdness & Mutations

You cannot be hasted, slowed, berserked, paralysed or teleported.
You can dig through walls and to a lower floor.
You have a pair of large antennae on your head. (SInv)
Your four strong arms can wield two-handed weapons with a shield.


Message History

The vampire is heavily damaged.
You block the vampire's attack. x2
You barely miss the vampire.
The vampire is heavily damaged.
You block the vampire's attack. x2
You puncture the vampire!
The vampire is severely damaged.
The vampire closely misses you.
The vampire bites you but does no damage.
You closely miss the vampire.
The vampire is severely damaged.
The vampire draws life force from you!
* * * LOW HITPOINT WARNING * * *
The vampire is healed by the life force!
You closely miss the vampire.
The vampire is heavily damaged.
You block the vampire's attack.
The vampire bites you but does no damage.
You puncture the vampire!
The vampire is severely damaged.
You block the vampire's attack. The vampire barely misses you.
You hit the vampire but do no damage.
The vampire is severely damaged.
You block the vampire's attack. x2; The vampire draws life force from you!
* * * LOW HITPOINT WARNING * * *
The vampire is healed by the life force!
You hit the vampire.
The vampire is heavily damaged.
The vampire hits you but does no damage.
You block the vampire's attack.
You hit the vampire but do no damage.
The vampire is heavily damaged.
You block the vampire's attack. x2
You puncture the vampire!
The vampire is severely damaged.
You block the vampire's attack. x2
You hit the vampire.
The vampire is almost destroyed.
The vampire draws life force from you!
You die...

############ ##
#.......@..# #.
#.#######V..# ###
#. #.# #..##
...##. #.# #...#
# #.#.. #.#
#..... #. #....
#######.##
#..#..##.. ##....
#.......##
#.##########.....
#.#########
#..##............
#.# ###.....
.....###......


You could see a vampire (invisible).

Vanquished Creatures
  Pikel (D:9)
  A hornet (D:8)
  2 wyverns
  Eustachio (D:5)
  A steam dragon (D:8)
  An acid dragon (D:8)
  A water moccasin (D:8)
  Duvessa (D:7)
  An ice beast (D:7)
  A sky beast (D:7)
  A black bear (D:7)
  4 orc warriors (D:8)
  2 centaurs
  3 bullfrogs
  A gnoll sergeant (D:6)
  A scorpion (D:5)
  9 wights
  Dowan (D:7)
  11 killer bees
  2 howler monkeys
  The ghost of Azoth the Insei, a weakling OpSh (D:3)
  3 bombardier beetles
  4 jellies
  4 orc priests
  3 hounds
  Crazy Yiuf (D:2)
  3 gnoll boudas
  3 sleepcaps
  2 iguanas
  10 orc wizards
  Terence (D:2)
  13 gnolls
  12 adders
  2 ufetubi (D:7)
  3 dart slugs
  3 ribbon worms
  43 orcs
  6 ball pythons
  6 endoplasms
  3 giant cockroaches
  6 goblins
  5 hobgoblins
  2 jackals (D:5)
  2 quokkas (D:5)
  8 bats
  A frilled lizard (D:1)
  12 kobolds
  6 rats
214 creatures vanquished.

Vanquished Creatures (others)
  An orc priest (D:4)
  A giant cockroach (D:4)
2 creatures vanquished.

Grand Total: 216 creatures vanquished

Notes
Turn   | Place    | Note
-------+----------+-------------------------------------------
     0 | D:1      | SovietPaperclip the Formicid Fighter began the quest for
                  | the Orb.
     0 | D:1      | Reached XP level 1. HP: 18/18 MP: 1/1
    80 | D:1      | Reached XP level 2. HP: 17/24 MP: 2/2
   488 | D:1      | Reached skill level 1 in Stealth
   751 | D:1      | Reached XP level 3. HP: 29/29 MP: 3/3
  1185 | D:2      | Found Ycah Lee's Antique Armour Shoppe.
  1254 | D:2      | Reached XP level 4. HP: 31/37 MP: 4/4
  1281 | D:2      | Found Sual's Distillery.
  1304 | D:2      | Found Rucov's General Store.
  1396 | D:2      | Noticed Terence
  1423 | D:2      | Killed Terence
  1678 | D:2      | Found a faded altar of an unknown god.
  1779 | D:2      | Reached XP level 5. HP: 41/42 MP: 5/5
  1977 | D:2      | Found Tyikh's Book Boutique.
  2237 | D:2      | Found a runed translucent door.
  2238 | D:2      | Noticed Crazy Yiuf
  2246 | D:2      | Killed Crazy Yiuf
  2247 | D:2      | Reached skill level 5 in Shields
  2343 | D:3      | Found an iron altar of Okawaru.
  2398 | D:3      | Became a worshipper of Warmaster Okawaru
  2422 | D:3      | Found a transporter.
  2426 | D:3      | Found a transporter.
  2427 | D:3      | Noticed Azoth's ghost (weakling OpSh)
  2486 | D:3      | Killed Azoth's ghost
  2487 | D:3      | Reached XP level 6. HP: 39/49 MP: 6/6
  2690 | D:3      | Found a stormy altar of Qazlal.
  3694 | D:4      | Reached XP level 7. HP: 52/55 MP: 7/7
  3838 | D:4      | Reached skill level 5 in Fighting
  3838 | D:4      | Reached skill level 5 in Armour
  3838 | D:4      | Reached skill level 6 in Shields
  4504 | D:4      | Found a staircase to the Ecumenical Temple.
  4513 | Temple   | Entered the Ecumenical Temple
  4732 | D:5      | Entered Level 5 of the Dungeon
  4764 | D:5      | Found an ornate altar of the Wu Jian Council.
  4851 | D:5      | Reached * piety under Okawaru
  4977 | D:5      | Reached XP level 8. HP: 60/63 MP: 8/8
  5082 | D:5      | Noticed Eustachio
  5241 | D:5      | Killed Eustachio
  5579 | D:6      | Found Ruwoesof's Jewellery Emporium.
  5652 | D:5      | Reached skill level 7 in Shields
  5994 | D:6      | Reached skill level 5 in Polearms
  6057 | D:6      | Reached ** piety under Okawaru
  6662 | D:6      | Reached XP level 9. HP: 64/69 MP: 9/9
  6878 | D:7      | Noticed Dowan
  6879 | D:7      | Noticed Duvessa
  6912 | D:7      | Killed Dowan
  6924 | D:7      | Killed Duvessa
  6995 | D:7      | Reached skill level 8 in Shields
  7050 | D:7      | Found a hide-covered altar of Uskayaw.
  7399 | D:7      | Reached skill level 5 in Stealth
  7431 | D:7      | Reached *** piety under Okawaru
  8254 | D:8      | Reached XP level 10. HP: 79/79 MP: 10/10
  8296 | D:8      | Reached skill level 9 in Shields
  8328 | D:8      | Reached **** piety under Okawaru
  8773 | D:8      | Found a glowing silver altar of Zin.
  8803 | D:8      | Found an opulent altar of Gozag.
  9017 | D:9      | Noticed Pikel
  9031 | D:9      | Killed Pikel
  9753 | D:8      | Reached ***** piety under Okawaru
  9797 | D:8      | Reached skill level 10 in Shields
  9829 | D:9      | Found a staircase to the Orcish Mines.
 10011 | D:9      | Killed from afar by a vampire

Illustrated notes

Levels and vault maps discovered:
D:1:      minmay_arrival_glassed_features, layout_loops_corners,
          nicolae_figureground_sparkle
D:2:      kennysheep_big_flooded_room, layout_basic,
          dreamdust_ecumenical_altar_hidden_monk_grotto, serial_shops, shop,
          nicolae_shop_temple_entry_statues_fountains,
          nicolae_shop_gibbet_a_chance, shop, nrook_loot_triangle, uniq_terence,
          uniq_crazy_yiuf_cottage
D:3:      layout_loops_ring, nicolae_qazlal_eye_of_the_storm,
          okawaru_metal_pillars_3, gammafunk_ghost_arena, serial_glass,
          glass_columns_a, glass_columns_b, eino_tiny_chamber
D:4:      layout_loops_cross, lemuel_temple_firewalk_b, reono_crystal_passage,
          minmay_three_crescents
D:5:      layout_cave_pools, lemuel_doored_altar, uniq_eustachio
D:6:      layout_cave_pools, serial_gnoll_camp, gnoll_camp_mini_hut,
          gnoll_camp_mini_sergeant, gnoll_camp_mini_loothouse,
          gnoll_camp_mini_hut, nicolae_stop_n_shop_2
D:7:      layout_loops_corners, mainiacjoe_overflow_paths, uniq_duvessa
D:8:      layout_loops_cross, pdpol_temple_overflow_zin_treasury_gozag_greed
D:9:      layout_cave_pools, david_orc_4, serial_co_window_serial,
          co_window_of_opportunity_a, co_window_paths_b, co_window_cross_1,
          co_window_paths_b, co_window_corner_a, co_window_paths_a,
          co_window_of_opportunity_a, co_window_broadway_c, co_window_cross_4,
          co_window_2corner, co_window_4corner_a, glass_columns_a,
          glass_columns_b, glass_columns_a, glass_columns_b, glass_columns_a,
          nrook_campfire, uniq_pikel
Temple:   compressed_dpeg_triangle_lava_temple

Skill      XL: |  1  2  3  4  5  6  7  8  9 10 |
---------------+-------------------------------+-----
Stealth        | 1 3 6 7 |  7.6
Armour         | 4 5 6 7 8 |  8.4
Fighting       | 4 5 6 7 8 |  8.4
Polearms       | 3 4 5 6 7 |  7.3
Shields        | 5 6 7 8 10 | 10.0

Action                     |  1- 3 |  4- 6 |  7- 9 | 10-12 || total
---------------------------+-------+-------+-------+-------++-------
  Melee: Trident           |   105 |   241 |   463 |   192 ||  1001
    Use: Scroll            |       |       |     2 |       ||     2
         Potion            |       |       |       |     2 ||     2
 Armour: Scale mail        |    13 |       |       |       ||    13
         Plate armour      |    48 |   199 |   304 |   141 ||   692
  Dodge: Dodged            |    12 |    31 |   124 |    58 ||   225
  Block: Tower shield      |    86 |   217 |   443 |   268 ||  1014

Table legend: (Time is in decaauts)
 A = Elapsed time spent in this place.
 B = Non-inter-level travel time spent in this place.
 C = Inter-level travel time spent in this place.
 D = Time resting spent in this place.
 E = Time spent auto-exploring this place.
 F = Levels seen in this place.
 G = Mean time per level.
                   A        B        C        D        E       F      G
               +--------+--------+--------+--------+--------+-----+--------+
         Total |  10341 |  10341 |      0 |   2329 |   3880 |  10 | 1034.1 |
       Dungeon |  10327 |  10327 |      0 |   2329 |   3880 |   9 | 1147.4 |
        Temple |     13 |     13 |      0 |      0 |      0 |   1 |   13.0 |
               +--------+--------+--------+--------+--------+-----+--------+

Top non-repeatable levels by time:
     D:4: 1602 daAuts
     D:8: 1525 daAuts
     D:2: 1404 daAuts
     D:6: 1216 daAuts
     D:7: 1210 daAuts
     D:3: 1093 daAuts
     D:1: 1014 daAuts
     D:5: 751 daAuts
     D:9: 509 daAuts
  Temple: 13 daAuts
